 Dungeon Crawl Stone Soup version 0.18-a0-846-g91b95b1 (webtiles) character file.

136 Kolbur the Cutter (level 5, -2/32 HPs)
             Began as a Kobold Berserker on Dec 20, 2015.
             Was a Follower of Trog.
             Slain by a centaur (4 damage)
             ... on level 5 of the Dungeon.
             The game lasted 00:12:25 (513 turns).

Kolbur the Cutter (Kobold Berserker)                 Turns: 513, Time: 00:12:25

Health: -2/32      AC:  6    Str: 16    XL:     5   Next: 43%
Magic:  5/5        EV: 15    Int:  5    God:    Trog [*.....]
Gold:   48         SH:  0    Dex: 16    Spells: 0 memorised, 4 levels left

rFire  . . .     SeeInvis .     a - +0 short sword
rCold  . . .     Gourm    .     j - +0 ring mail
rNeg   . . .     Faith    .     (shield restricted)
rPois  .         Spirit   .     (no helmet)
rElec  .         Dismiss  .     (no cloak)
rCorr  +         Reflect  .     (no gloves)
SustAt .         Harm     .     k - +0 pair of boots
MR     .....                    e - amulet of resist corrosion
Stlth  +++.......               (no ring)
                                (no ring)

@: exhausted, very slightly contaminated, not resistant to hostile enchantments,
fairly stealthy
A: carnivore 3
a: Berserk, Burn Spellbooks, Renounce Religion


You were on level 5 of the Dungeon.
You worshipped Trog.
Trog was aware of your devotion.
You were full.

You visited 1 branch of the dungeon, and saw 5 of its levels.

You collected 48 gold pieces.

Inventory:

Hand Weapons
 a - a +0 short sword (weapon)
 b - a +0 flail
Missiles
 i - 18 bolts of frost
Armour
 j - a +0 ring mail (worn)
 k - a +0 pair of boots (worn)
Jewellery
 e - an amulet of resist corrosion (around neck)
Scrolls
 g - a scroll of remove curse
 l - a scroll of fog
 o - a scroll of noise {unknown}
Potions
 d - a potion of curing {unknown}
 h - a potion of cancellation
 m - a potion of heal wounds {unknown}
 n - a potion of mutation {unknown}
Comestibles
 c - 2 meat rations


   Skills:
 - Level 3.2 Fighting
 + Level 5.2 Short Blades
 - Level 1.5 Armour
 - Level 3.5 Dodging
 + Level 4.8 Stealth


You had 4 spell levels left.
You didn't know any spells.

Dungeon Overview and Level Annotations

Branches:
Dungeon (5/15)
 Temple: D:4-7

Altars:
Gozag
Zin

Annotations:
D:5 exclusion: centaur, Alethiolet's ghost, amateur DsWn


Innate Abilities, Weirdness & Mutations

You are small and have problems with some larger weapons.
You are carnivorous and can eat meat at any time.


Message History

You see here 2 arrows.
You're too exhausted to go berserk.
You hit the centaur.
The centaur is moderately wounded.
The centaur hits you but does no damage.
You hit the centaur.
The centaur is moderately wounded.
The centaur hits you.
* * * LOW HITPOINT WARNING * * *
The centaur misses you.
You hit the centaur but do no damage.
The centaur is moderately wounded.
The centaur closely misses you.
You barely miss the centaur.
The centaur is moderately wounded.
The centaur hits you but does no damage.
Your ring mail prevents you from hitting the centaur.
The centaur is moderately wounded.
The centaur barely misses you. The centaur hits you.
You die...

#.. #..#...W# ##### ..
#..#..... #...##.###
#..#...§§ ........#
........§§ #
#.......##.#.#######
#.#..................§
#..(§..........#######
#.§§§§Z....#. #
#§§@§......#. #
#§§§c...... #
#...§....#. #
#........# #
#........# #
####+#..<#.
###.#..?#.#!#
.........#.#
#.#...#.#.#


You could see a centaur and a giant frog skeleton.

Vanquished Creatures
  An ogre (D:5)
  Natasha (D:3)
  4 orcs (D:4)
  3 bats (D:1)
  A goblin (D:1)
  A hobgoblin (D:1)
  A quokka (D:2)
  A giant newt (D:3)
  2 kobolds
  A rat (D:3)
16 creatures vanquished.

Notes
Turn   | Place    | Note
--------------------------------------------------------------
     0 | D:1      | Kolbur the Kobold Berserker began the quest for the Orb.
     0 | D:1      | Reached XP level 1. HP: 14/14 MP: 1/1
    41 | D:1      | Reached skill level 1 in Stealth
    88 | D:1      | Reached XP level 2. HP: 12/19 MP: 2/2
   237 | D:3      | Noticed Natasha
   246 | D:3      | Killed Natasha
   246 | D:3      | Reached XP level 3. HP: 3/23 MP: 3/3
   400 | D:5      | Entered Level 5 of the Dungeon
   400 | D:5      | Noticed a centaur
   452 | D:5      | Found an opulent altar of Gozag.
   453 | D:5      | Found a glowing silver altar of Zin.
   465 | D:5      | Noticed an ogre
   473 | D:5      | Killed an ogre
   473 | D:5      | Reached skill level 5 in Short Blades
   473 | D:5      | Reached XP level 4. HP: 28/28 MP: 4/4
   473 | D:5      | Reached XP level 5. HP: 32/32 MP: 5/5
   487 | D:5      | Noticed Alethiolet's ghost (amateur DsWn)
   513 | D:5      | Slain by a centaur

Vault maps used:
D:1:      minmay_arrival_three_doors
D:3:      led_sif_pool, first_bread, uniq_sigmund, uniq_iyjb, uniq_natasha
D:4:      uniq_eustachio
D:5:      grunt_temple_overflow_gold_and_silver, nemelex_deck,
          nicolae_overflow_crystal_walls, makhleb_blood_cavern_becter,
          minmay_misc_feat_tower, minmay_misc_feat_iff

Action                   |  1- 3 |  4- 6 || total
-------------------------+-------+-------++-------
Melee: Short sword       |    70 |     6 ||    76
Invok: Berserk           |     4 |       ||     4
  Use: Scroll            |     3 |     4 ||     7
 Stab: Sleeping          |     2 |     1 ||     3
  Eat: Chunk             |     9 |       ||     9

Vault maps used:
D:1:      minmay_arrival_three_doors
D:3:      led_sif_pool, first_bread, uniq_sigmund, uniq_iyjb, uniq_natasha
D:4:      uniq_eustachio
D:5:      grunt_temple_overflow_gold_and_silver, nemelex_deck,
          nicolae_overflow_crystal_walls, makhleb_blood_cavern_becter,
          minmay_misc_feat_tower, minmay_misc_feat_iff

Table legend:
 A = Turns spent in this place as a percentage of turns spent in the entire game.
 B = Non-inter-level travel turns spent in this place as a percentage of non-inter-level travel turns spent in the entire game.
 C = Inter-level travel turns spent in this place as a percentage of turns spent in this place.
 D = Turns resting spent in this place as a percentage of non-inter-level travel turns spent in this place.
 E = Turns spent auto-exploring this place as a percentage of non-inter-level travel turns spent in this place.
 F = Non-inter-level travel turns spent in this place divided by the number of levels of this place that you've seen.
                   A       B       C       D       E      F
               +-------+-------+-------+-------+-------+----------------------
         Total | 100.0 | 100.0 |   0.0 |   0.4 |   0.0 |  98.2
       Dungeon | 100.0 | 100.0 |   0.0 |   0.4 |   0.0 |  98.2
               +-------+-------+-------+-------+-------+----------------------
